 Dungeon Crawl Stone Soup version 0.24-a0-201-gf2055891f0 (webtiles) character file.

Game seed: 5249811300285390942

64 EnegeticOcto the Skirmisher (level 3, 0/30 HPs)
             Began as a Demonspawn Arcane Marksman on Mar 19, 2019.
             Killed from afar by Natasha (9 damage)
             ... with a magic dart
             ... on level 2 of the Dungeon.
             The game lasted 00:03:04 (2549 turns).

EnegeticOcto the Skirmisher (DsAM)                  Turns: 2549, Time: 00:03:04

Health: 0/30       AC:  8    Str: 11    XL:     3   Next: 91%
Magic:  4/4        EV:  5    Int: 14    God:
Gold:   141        SH:  0    Dex: 13    Spells: 3/4 levels left

rFire    . . .     SeeInvis .   l - +2 dagger (drain)
rCold    . . .     Gourm    .   (no shield)
rNeg     . . .     Faith    .   b - +0 chain mail
rPois    .         Spirit   .   (helmet restricted)
rElec    .         Reflect  .   (no cloak)
rCorr    .         Harm     .   (no gloves)
MR       .....                  (no boots)
Stlth    ..........             (no amulet)
HPRegen  0.10/turn              (no ring)
MPRegen  0.09/turn              (no ring)

@: slowed, lightly drained, very slow
A: hooves 1, horns 1
a: no special abilities


You were on level 2 of the Dungeon.
You were not hungry.

You visited 1 branch of the dungeon, and saw 2 of its levels.

You collected 141 gold pieces.

Inventory:

Hand Weapons
 a - a +0 hunting sling
 i - a +0 short sword
 l - a +2 dagger of draining (weapon)
Missiles
 c - 50 stones (quivered)
 d - 20 sling bullets
Armour
 b - a +0 chain mail (worn)
Scrolls
 n - 2 scrolls of teleportation {unknown}
 o - a scroll of enchant weapon {unknown}
 p - a scroll of immolation {unknown}
 q - a scroll of fear {unknown}
 r - 2 scrolls of remove curse {unknown}
 t - a scroll of enchant armour {unknown}
Potions
 g - a potion of mutation
 h - 2 potions of flight {unknown}
 j - 4 potions of curing
 k - a potion of invisibility {unknown}
 m - 2 potions of brilliance
 s - a potion of heal wounds {unknown}
Comestibles
 e - 3 rations
 f - 5 chunks of flesh


   Skills:
 + Level 3.8(3.7) Fighting
 - Level 1.7(1.6) Slings
 - Level 1.7(1.6) Dodging
 - Level 1.0(0.8) Spellcasting
 - Level 3.0(2.8) Hexes


You had 3 spell levels left.
You knew the following spells:

 Your Spells              Type           Power        Failure   Level  Hunger
a - Corona                Hex            #......      99%         1    ##.....

Your spell library contained the following spells:

 Spells                   Type           Power        Failure   Level  Hunger
 Slow                     Hex            #.......     100%        2    ###....
 Inner Flame              Hex/Fire       #.......     100%        3    ####...
 Portal Projectile        Hex/Tloc       #.....       100%        3    ####...
 Cause Fear               Hex            #.........   100%        4    #####..
 Leda's Liquefaction      Hex/Erth       #.........   100%        4    #####..


Dungeon Overview and Level Annotations

Branches:
Dungeon (2/15)

Altars:
Fedhas

Annotations:
D:2 Natasha


Innate Abilities, Weirdness & Mutations

You have large cloven feet.
You have a pair of small horns on your head.


Message History

Natasha casts a spell at you. You resist with significant effort.
The kobold throws a stone.
The stone barely misses you.
Natasha stares at you and mumbles some strange words.
The magic dart hits you.
The kobold throws a stone.
The stone hits you but does no damage.
You see here 4 stones.
You hit Natasha but do no damage. Your kick misses Natasha.
Natasha stares at you and mumbles some strange words.
The magic dart hits you.
The kobold throws a stone.
The stone hits you but does no damage. Natasha casts a spell at you.
The magic dart hits you.
You are too injured to fight recklessly!
You closely miss Natasha. Natasha claws you.
* * * LOW HITPOINT WARNING * * *
The kobold hits you but does no damage.
Natasha stares at you and mumbles some strange words.
The magic dart hits you!
You die...

#.#).......##.....#.......#
#.#..#.....##.....#.#....##
#.#<.#.....##.....#.#....#
...#.#.....##....)#÷#.#.#########
...#.#.....##.....#.#....##.....#
.....####+###.....#.##.#.##.....#
...#.# #............#...##.....#
####################.##..##.....#
.......((.@....##.÷##.....#
####.####(####.##...#.....#
#..'hK..#.##.........#
#..#.#..#.##.......###
##'#.##'#.#..........# . ...
...##.......... ## #.#
#.##.........# #.# .####...##..#
#.# #..........#


You could see Natasha.

Vanquished Creatures
  An adder (D:2)
  A worm (D:2)
  2 dart slugs (D:2)
  A leopard gecko (D:1)
  4 giant cockroaches
  5 goblins
  3 hobgoblins (D:2)
  4 jackals (D:1)
  2 quokkas (D:2)
  A ball python (D:1)
  4 bats
  5 frilled lizards
  6 kobolds
  7 rats
46 creatures vanquished.

Notes
Turn   | Place    | Note
-------+----------+-------------------------------------------
     0 | D:1      | EnegeticOcto the Demonspawn Arcane Marksman began the quest
                  | for the Orb.
     0 | D:1      | Reached XP level 1. HP: 15/15 MP: 2/2
   824 | D:1      | Gained mutation: You have a pair of small horns on your
                  | head. [demonic ancestry]
   824 | D:1      | Reached XP level 2. HP: 20/22 MP: 3/3
  1924 | D:1      | Gained mutation: You have large cloven feet. [demonic
                  | ancestry]
  1924 | D:1      | Reached XP level 3. HP: 21/29 MP: 4/4
  2236 | D:2      | Found a blossoming altar of Fedhas.
  2541 | D:2      | Noticed Natasha
  2549 | D:2      | Killed from afar by Natasha

Levels and vault maps discovered:
D:1:      saegor_arrival_simple_d, layout_basic
D:2:      minmay_door_path, layout_basic, fedhas_altar_3, uniq_natasha

Skill      XL: |  1  2 |
---------------+-------+-----
Fighting       | 2 3 |  3.8
Slings         | |  1.7
Dodging        | |  1.7
Spellcasting   | |  1.0
Hexes          | |  3.0

Action                   || total
-------------------------++-------
Melee: Unarmed           ||    51
       Short sword       ||     7
       Dagger            ||    77
       Headbutt          ||     7
       Kick              ||     9
 Fire: Hunting sling     ||     8
 Cast: Corona            ||     2
  Use: Scroll            ||     3
  Eat: Chunk             ||     5
Armor: Robe              ||    18
       Chain mail        ||    12
Dodge: Dodged            ||    91

Table legend:
 A = Non-vault XP
 B = Vault XP
 C = Vault XP percentage of total XP
 D = Non-vault monster count
 E = Vault monster count
 F = Vault count percentage of total count
                 A         B        C        D         E       F
            +---------+---------+-------+---------+---------+-------
      Total |      90 |       2 |   2.2 |      45 |       1 |   2.2
            +---------+---------+-------+---------+---------+-------
        D:1 |      41 |       0 |   0.0 |      28 |       0 |   0.0
        D:2 |      49 |       2 |   3.9 |      17 |       1 |   5.6
            +---------+---------+-------+---------+---------+-------
